 Dungeon Crawl Stone Soup version 0.15-a0-895-g19c7863 (console) character file.

113556 Rage the Shatterer (level 16, -4/182 HPs)
             Began as an Ogre Berserker on May 8, 2014.
             Was a High Priest of Trog.
             Killed from afar by a naga mage (21 damage)
             ... with a poison arrow
             ... on Level 4 of the Snake Pit on May 19, 2014.
             The game lasted 02:08:45 (10802 turns).

Rage the Shatterer (Ogre Berserker)                Turns: 10802, Time: 02:08:45

HP  -4/182       AC 18     Str 26      XL: 16   Next: 63%
MP  26/26        EV 17     Int  8      God: Trog [*****.]
Gold 594         SH  0     Dex 14      Spells:  0 memorised, 15 levels left

rFire  + . .     SeeInvis +     o - +3,+5 giant spiked club "Beetleslayer" {freeze, Contam}
rCold  + . .     Clarity  .     n - +3 mottled dragon armour
rNeg   . . .     Conserve .     (shield restricted)
rPois  +         rCorr    .     e - +1 hat {rC+}
rElec  .         rRot     .     V - +2 cloak
SustAb .         Spirit   .     (gloves unavailable)
rMut   .         Warding  .     (boots unavailable)
Gourm  .         Stasis   .     b - amulet of faith
MR     +++..                    F - ring "Chulled" {rF+ Int+2}
                                N - ring of the Harvest {rPois SInv Regen}

@: regenerating, about to teleport, lethally poisoned, extremely resistant to
hostile enchantments, very unstealthy
A: unfitting armour, thin metallic scales 1, yellow scales 1, low mp 1, tough
skin 1, wild magic 1
a: Burn Spellbooks, Berserk, Trog's Hand, Brothers in Arms, Renounce Religion


You were on level 4 of the Snake Pit.
You worshipped Trog.
Trog was extremely pleased with you.
You were hungry.

You visited 3 branches of the dungeon, and saw 24 of its levels.
You also visited: Ice Cave and Volcano.

You collected 926 gold pieces.
You spent 332 gold pieces at shops.

Inventory:

Hand weapons
 j - a +0,+3 antimagic great mace
 o - the +3,+5 giant spiked club "Beetleslayer" (weapon) {freeze, Contam}
   (Trog gifted it to you on level 7 of the Lair of Beasts)

   It has been specially enchanted to freeze those struck by it, causing extra
   injury to most foes and up to double damage against particularly susceptible
   opponents.
   It can also slow down cold-blooded creatures.
   It causes magical contamination when unequipped.
 w - a +6,+1 antimagic great mace
 B - a +0,+1 antimagic great mace
Missiles
 a - 2 throwing nets (quivered)
 x - 4 curare-tipped needles
Armour
 e - a +1 hat of cold resistance (worn)
 n - a +3 mottled dragon armour (worn)
 V - a +2 cloak (worn)
Magical devices
 i - a wand of fire (2)
 C - a wand of draining (0)
 Q - a wand of polymorph (6)
 Y - a wand of teleportation (7)
 Z - a wand of paralysis (10)
Comestibles
 d - a slice of pizza
 h - 2 apples
 p - 2 chunks of naga flesh
 I - 3 meat rations
 J - a banana
 T - 2 bread rations
Scrolls
 c - a scroll of immolation
 q - 2 scrolls of remove curse
 r - a scroll of amnesia
 t - a scroll of enchant weapon II
 y - 4 scrolls of teleportation
 A - a scroll of magic mapping
 E - 2 scrolls of fog
Jewellery
 b - an amulet of faith (around neck)
 l - an uncursed amulet of clarity
 s - an uncursed ring of fire
 u - an uncursed ring of flight
 v - the ring "Wovumm" {+Inv rC+ MR+ AC+2 Dam-6}
   (You found it on level 8 of the Lair of Beasts)

   [ring of protection]

   It affects your AC (+2).
   It affects your damage with ranged weapons and melee attacks (-6).
   It protects you from cold.
   It affects your resistance to hostile enchantments.
   It lets you turn invisible.
 F - the ring "Chulled" (right hand) {rF+ Int+2}
   (You found it on level 8 of the Lair of Beasts)

   [ring of intelligence]

   It affects your intelligence (+2).
   It protects you from fire.
 N - the ring of the Harvest (left hand) {rPois SInv Regen}
   (You found it on level 8 of the Dungeon)

   [ring of regeneration]

   It protects you from poison.
   It enhances your eyesight.
   It increases your rate of regeneration.
 W - an uncursed ring of sustain abilities
Potions
 f - 2 potions of brilliance
 g - 2 potions of flight
 k - a potion of restore abilities
 z - a potion of magic
 G - 3 potions of heal wounds
 H - 7 potions of might
 L - 4 potions of resistance
 M - 10 potions of curing
 O - 2 potions of haste
Books
 m - a book of Alchemy

   Spells                             Type                      Level
   Sublimation of Blood               Necromancy                   2
   Alistair's Intoxication            Transmutation/Poison         4
   Condensation Shield                Ice                          4
   Petrify                            Transmutation/Earth          4
   Ignite Poison                      Fire/Transmutation           5
   Trog disapproves of the use of such an item.
Miscellaneous
 K - a phial of floods


   Skills:
 * Level 16.9 Fighting
 + Level 21.5 Maces & Flails
 + Level 14.5 Dodging
 * Level 9.9 Evocations


You had 15 spell levels left.
You didn't know any spells.

Dungeon Overview and Level Annotations

Branches:
Dungeon (11/15)              Lair (8/8) D:10          Snake (5/5) Lair:6
 Temple: D:4-7          Orc: D:9-12       Swamp: Lair:3-6    Shoals: Lair:3-6
 Spider: Lair:3-6     Slime: Lair:6-8

Altars:
Ashenzari
Yredelemnul
The Shining One

Shops:
D:4 *[*?   D:5 [   D:6 *   D:9 (   D:10 !   Snake:1 :


Innate Abilities, Weirdness & Mutations

You are too large for most types of armour.
You have tough skin (AC +1).
You are partially covered in thin metallic scales (AC +2).
You are partially covered in yellow scales (AC +2).
Your magical capacity is low (-10% MP).
Your spells are a little harder to cast, but a little more powerful.


Message History

Welcome back, Rage the Ogre Berserker.
Trog says: Kill them all!
Press ? for a list of commands and other information.
Unknown command.
Unknown command.
Press: ? - help, v - describe, . - travel
Here: a guardian serpent The floor.
Unknown command.
Unknown command.
Read which item? (? for menu, Esc to quit)
As you read the scroll of teleportation, it crumbles to dust.
You feel strangely unstable.
You feel sick. The naga warrior spits poison at you.
The splash of poison misses you. The naga mage casts a spell at you.
The poison arrow hits you!
You are more poisoned.
You partially resist.
You die...

...............≈≈P
..................P≈§
...................PP♣
♣..................≈≈≈♣
≈≈...................≈≈♣
♣...................P≈≈♣
P..................P≈≈≈P
♣≈.....N...............≈≈
≈P......@N.............NP
♣......).................
.NNN.N.....#............
....N......##...........
....§S.....###..........
.N........# ...........
N........# .......
......... ...... ... #+#
#####


You could see 2 naga warriors, a naga sharpshooter, a salamander, a guardian
serpent, 2 naga magi and 3 nagas.

Vanquished Creatures
  Saint Roka (Snake:5)
  5 greater nagas
  The ghost of TZer0alt the Eclecticist, a mighty DsIE of Vehumet (Snake:2)
  A frost giant (IceCv)
  The ghost of Duskembrace the Fencer, a powerful VSBe of Trog (Snake:2)
  5 hydras
  Harold (Lair:1)
  11 naga warriors
  6 anacondas
  12 naga sharpshooters
  2 spectral orcs (Lair:7)
  2 shock serpents (Snake:5)
  Nergalle (Lair:7)
  A catoblepas (Lair:8)
  An unseen horror (D:10)
  4 salamander mystics
  9 sea snakes
  An orc zombie (Snake:5)
  An ice statue (IceCv)
  8 naga ritualists
  Pikel (D:5)
  5 statues (Volcano)
  2 orc sorcerers (Snake:5)
  A manticore (Volcano)
  2 mana vipers (Snake:5)
  3 guardian serpents
  11 salamanders
  28 black mambas
  15 naga magi
  An orange demon (Snake:5)
  18 spiny frogs
  6 komodo dragons
  5 fire drakes
  15 polar bears (IceCv)
  2 trolls
  3 giant leeches (Lair:8)
  8 blink frogs
  A slime creature (Lair:3)
  2 wyverns
  3 basilisks
  29 yaks
  8 vampire mosquitoes (Lair:8)
  3 hippogriffs
  11 sharks
  A deep elf mage (D:9)
  2 fire bats (Volcano)
  8 wolves (IceCv)
  Menkaure (D:4)
  A mottled dragon (Volcano)
  2 hungry ghosts
  43 nagas
  3 sky beasts
  A phantom (D:7)
  7 porcupines
  5 orc warriors
  23 water moccasins
  6 ogres
  A slave (D:5)
  2 centaurs
  5 ice beasts
  6 lava worms
  8 crocodiles
  A wyvern zombie (D:5)
  4 giant slugs
  18 giant frogs
  A scorpion (D:10)
  2 naga skeletons (Snake:5)
  3 wights (D:9)
  A crimson imp (D:5)
  4 killer bees (D:8)
  10 electric eels
  A lava snake (Volcano)
  9 big fish
  6 jellies
  A goliath beetle (D:9)
  4 hounds
  8 iguanas
  11 orc wizards
  4 orc priests
  4 worker ants
  A two-headed ogre skeleton (D:8)
  16 sheep
  An ogre zombie (D:7)
  2 sky beast zombies
  2 orc skeletons
  18 adders
  36 green rats
  An inept feature mimic (D:4)
  A shadow imp (D:5)
  A giant mite (D:3)
  4 worms
  5 giant geckos
  11 oozes (Lair:3)
  60 orcs
  2 ball pythons (Lair:6)
  2 giant cockroaches
  4 goblins
  3 hobgoblins
  8 jackals
  15 bats
  2 giant newts
  A giant spore (D:8)
  2 hobgoblin skeletons
  A jackal skeleton (D:7)
  9 kobolds
  10 quokkas
  10 rats
  A rat zombie (D:5)
  3 ballistomycetes (D:8)
  2 plants
708 creatures vanquished.

Vanquished Creatures (collateral kills)
  Vashnia (Snake:5)
  A naga ritualist (Snake:5)
  A black mamba (Snake:5)
  A naga (Snake:5)
  An orc (D:9)
5 creatures vanquished.

Vanquished Creatures (others)
  A deep troll (Snake:5)
  A black mamba (Snake:1)
  A two-headed ogre (Lair:7)
  A slave (D:6)
  2 worker ants (D:6)
  An adder (D:3)
  A rat (Lair:4)
  9 plants
17 creatures vanquished.

Grand Total: 730 creatures vanquished

Notes
Turn   | Place    | Note
--------------------------------------------------------------
     0 | D:1      | Rage, the Ogre Berserker, began the quest for the Orb.
     0 | D:1      | Reached XP level 1. HP: 24/24 MP: 1/1
   137 | D:3      | Reached XP level 2. HP: 29/32 MP: 2/2
   299 | D:3      | Reached skill level 5 in Maces & Flails
   360 | D:4      | Found Ufaasunka's Armour Boutique.
   455 | D:4      | Reached XP level 3. HP: 26/39 MP: 3/3
   552 | D:4      | Acquired Trog's second power
   578 | D:4      | Noticed a phantom
   631 | D:3      | Reached skill level 6 in Maces & Flails
   740 | D:4      | Reached XP level 4. HP: 35/48 MP: 4/4
   763 | D:4      | Found Gaklih's Assorted Antiques.
   766 | D:4      | Bought a glowing robe for 17 gold pieces
   766 | D:4      | Bought a scroll labeled VALUNAOXTA for 25 gold pieces
   848 | D:4      | Reached skill level 7 in Maces & Flails
   852 | D:4      | Got a scintillating sapphire amulet
   857 | D:4      | Identified the amulet of Cuuko {+Rage Str+2 Acc+4} (You found it on level 4 of the Dungeon)
   879 | D:4      | Noticed Menkaure
   893 | D:4      | Killed Menkaure
   893 | D:4      | Reached skill level 8 in Maces & Flails
   893 | D:4      | Reached XP level 5. HP: 19/54 MP: 5/5
   952 | D:4      | Found Mnoiheph's General Store.
  1073 | D:4      | Found Awoxuk's Magic Scroll Emporium.
  1090 | D:5      | Entered Level 5 of the Dungeon
  1096 | D:5      | Reached XP level 6. HP: 56/62 MP: 6/6
  1124 | D:5      | Reached skill level 9 in Maces & Flails
  1198 | D:5      | Noticed an ice beast
  1210 | D:5      | Killed an ice beast
  1371 | D:5      | Noticed a sky beast
  1388 | D:5      | Killed a sky beast
  1388 | D:5      | Reached skill level 10 in Maces & Flails
  1388 | D:5      | Reached XP level 7. HP: 56/70 MP: 7/7
  1413 | D:5      | Found Ecasch's Armour Shoppe.
  1441 | D:6      | Noticed Pikel
  1444 | D:5      | Gained mutation: You are partially covered in yellow scales (AC +2). [mutagenic meat]
  1445 | D:5      | Gained mutation: You are partially covered in thin metallic scales (AC +2). [mutagenic meat]
  1446 | D:5      | Gained mutation: Your magical capacity is low (-10% MP). [mutagenic meat]
  1490 | D:5      | Reached skill level 11 in Maces & Flails
  1613 | D:5      | Killed Pikel
  1613 | D:5      | Reached skill level 13 in Maces & Flails
  1613 | D:5      | Reached XP level 8. HP: 28/78 MP: 7/7
  1759 | D:6      | Found Cribbuac's General Store.
  1804 | D:6      | Bought a potion of curing for 28 gold pieces
  1985 | D:7      | Reached skill level 14 in Maces & Flails
  2151 | D:7      | Reached XP level 9. HP: 75/84 MP: 8/8
  2282 | D:7      | Acquired Trog's third power
  2339 | D:7      | Reached skill level 5 in Fighting
  2366 | D:8      | Reached skill level 15 in Maces & Flails
  2623 | D:8      | Found a basalt altar of Yredelemnul.
  2695 | D:8      | Found a glowing golden altar of the Shining One.
  2717 | D:8      | Got a pitted ivory ring
  2718 | D:8      | Identified the ring of the Harvest {rPois SInv Regen} (You found it on level 8 of the Dungeon)
  2861 | D:9      | Got a warped falchion
  2867 | D:9      | Found a glowing golden altar of the Shining One.
  2932 | D:9      | Found Vapac's Weapon Shop.
  3092 | D:9      | Received a gift from Trog
  3144 | D:10     | Entered Level 10 of the Dungeon
  3147 | D:10     | Noticed an unseen horror
  3151 | D:10     | Reached XP level 10. HP: 107/107 MP: 9/9
  3180 | D:9      | Identified the +5,+11 falchion "Suwneh" {pain, rF+} (You found it on level 9 of the Dungeon)
  3224 | D:10     | Found a staircase to the Lair.
  3224 | D:10     | Noticed a fire drake
  3230 | D:10     | Killed a fire drake
  3235 | D:10     | Reached skill level 5 in Dodging
  3316 | D:10     | Gained mutation: Your spells are a little harder to cast, but a little more powerful. [mutagenic meat]
  3356 | D:10     | Found Ritsaf Inwi's Distillery.
  3384 | D:10     | Bought a potion of curing for 30 gold pieces
  3384 | D:10     | Bought a potion of poison for 15 gold pieces
  3384 | D:10     | Bought a potion of might for 37 gold pieces
  3384 | D:10     | Bought a potion of curing for 30 gold pieces
  3384 | D:10     | Bought a potion of heal wounds for 45 gold pieces
  3384 | D:10     | Bought a potion of haste for 105 gold pieces
  3410 | D:10     | Killed an unseen horror
  3880 | D:10     | Received a gift from Trog
  3896 | Lair:1   | Entered Level 1 of the Lair of Beasts
  3919 | Lair:1   | Noticed Harold
  3943 | Lair:1   | Killed Harold
  3943 | Lair:1   | Reached skill level 16 in Maces & Flails
  3943 | Lair:1   | Reached XP level 11. HP: 80/115 MP: 6/9
  4308 | Lair:1   | Reached skill level 10 in Fighting
  4504 | Lair:3   | Received a gift from Trog
  4593 | Lair:2   | You fall through a shaft!
  4704 | Lair:3   | Noticed an eight-headed hydra
  4753 | Lair:3   | Killed an eight-headed hydra
  4863 | Lair:3   | Noticed a four-headed hydra
  4874 | Lair:3   | Killed a four-headed hydra
  4874 | Lair:3   | Reached skill level 10 in Dodging
  4874 | Lair:3   | Reached XP level 12. HP: 100/131 MP: 10/10
  4958 | Lair:3   | Found a dark tunnel.
  4979 | Volcano  | Entered a volcano
  5193 | Volcano  | Found a burning altar of Makhleb.
  5338 | Lair:4   | Received a gift from Trog
  5531 | Lair:6   | Found a staircase to the Snake Pit.
  5581 | Snake:1  | Entered Level 1 of the Snake Pit
  5581 | Snake:1  | Noticed an anaconda
  5597 | Lair:6   | Reached skill level 17 in Maces & Flails
  5742 | Lair:8   | Entered Level 8 of the Lair of Beasts
  5742 | Lair:8   | Noticed Nergalle
  5747 | Lair:8   | Noticed a spectral orc warlord
  5751 | Lair:8   | Noticed a spectral orc warlord
  5768 | Lair:7   | Killed a spectral orc warlord
  5775 | Lair:7   | Killed Nergalle
  5815 | Lair:7   | Received a gift from Trog
  5816 | Lair:7   | Got a steaming giant spiked club {god gift}
  5817 | Lair:7   | Identified the +3,+5 giant spiked club "Beetleslayer" {freeze, Contam} (Trog gifted it to you on level 7 of the Lair of Beasts)
  5882 | Lair:8   | Found a frozen archway.
  5898 | IceCv    | Entered an ice cave
  5950 | IceCv    | Reached XP level 13. HP: 97/145 MP: 11/11
  6114 | IceCv    | Noticed a frost giant
  6150 | IceCv    | Killed a frost giant
  6200 | IceCv    | Got a crystal great mace
  6547 | Lair:8   | Noticed a six-headed hydra
  6561 | Lair:8   | Killed a six-headed hydra
  6611 | Lair:8   | Reached skill level 18 in Maces & Flails
  6621 | Lair:7   | Noticed a seven-headed hydra
  6624 | Lair:7   | Killed a seven-headed hydra
  6789 | Lair:8   | Noticed a five-headed hydra
  6811 | Lair:8   | Killed a five-headed hydra
  6822 | Lair:8   | Received a gift from Trog
  7103 | Lair:8   | Received a gift from Trog
  7165 | Lair:8   | Reached XP level 14. HP: 85/156 MP: 12/12
  7191 | Lair:8   | Got a twitching granite ring
  7193 | Lair:8   | Got a warped wooden ring
  7198 | Lair:8   | Identified the ring "Chulled" {rF+ Int+2} (You found it on level 8 of the Lair of Beasts)
  7200 | Lair:8   | Identified the ring "Wovumm" {+Inv rC+ MR+ AC+2 Dam-6} (You found it on level 8 of the Lair of Beasts)
  7219 | Lair:8   | Upgraded the game from 0.15-a0-672-g38fd0bf to 0.15-a0-674-g7948ca6
  7219 | Lair:8   | Upgraded the game from 0.15-a0-674-g7948ca6 to 0.15-a0-885-g3d1b40c
  7617 | Lair:4   | TEASO
  7657 | Lair:4   | Received a gift from Trog
  7658 | Lair:4   | Got a slimy giant club {god gift}
  7720 | Lair:4   | Found a shattered altar of Ashenzari.
  7744 | Lair:4   | Reached skill level 15 in Fighting
  7937 | Lair:4   | Received a gift from Trog
  7959 | Lair:4   | Reached skill level 19 in Maces & Flails
  8221 | Snake:1  | Killed an anaconda
  8428 | Snake:1  | Found Crann's Book Shoppe.
  8458 | Snake:1  | Noticed an anaconda
  8471 | Snake:1  | Killed an anaconda
  8492 | Snake:1  | Noticed a naga warrior
  8505 | Snake:1  | Received a gift from Trog
  8508 | Snake:1  | Killed a naga warrior
  8714 | Snake:2  | Noticed TZer0alt's ghost (mighty DsIE)
  8739 | Snake:2  | Killed TZer0alt's ghost
  8757 | Snake:2  | Noticed Duskembrace's ghost (powerful VSBe)
  8793 | Snake:2  | Killed Duskembrace's ghost
  8793 | Snake:2  | Reached skill level 20 in Maces & Flails
  8959 | Snake:2  | Received a gift from Trog
  9017 | Snake:3  | Reached skill level 1 in Evocations
  9055 | Snake:3  | Reached XP level 15. HP: 106/167 MP: 17/17
  9168 | Snake:4  | Noticed a greater naga
  9186 | Snake:4  | Killed a greater naga
  9306 | Snake:4  | Reached skill level 5 in Evocations
  9468 | Snake:5  | Entered Level 5 of the Snake Pit
  9538 | Snake:5  | Noticed a greater naga
  9592 | Snake:5  | Killed a greater naga
  9674 | Snake:5  | Received a gift from Trog
  9683 | Snake:5  | Noticed Vashnia
  9692 | Snake:5  | Killed Vashnia
  9735 | Snake:5  | Reached skill level 21 in Maces & Flails
  9770 | Snake:5  | HP: 7/167 [naga sharpshooter/uncursed glaive[Vashnia] (5)]
  9912 | Snake:5  | Noticed a greater naga
  9939 | Snake:5  | Killed a greater naga
 10094 | Snake:5  | Reached XP level 16. HP: 103/178 MP: 24/24
 10238 | Snake:5  | Noticed a greater naga
 10243 | Snake:5  | Noticed Saint Roka
 10301 | Snake:5  | Killed a greater naga
 10312 | Snake:5  | Received a gift from Trog
 10478 | Snake:5  | Killed Saint Roka
 10622 | Snake:5  | Received a gift from Trog
 10630 | Snake:5  | Noticed a greater naga
 10643 | Snake:5  | Killed a greater naga
 10781 | Snake:5  | Noticed a greater naga
 10789 | Snake:5  | Upgraded the game from 0.15-a0-885-g3d1b40c to 0.15-a0-895-g19c7863
 10802 | Snake:4  | Killed from afar by a naga mage

Action                   |  1- 3 |  4- 6 |  7- 9 | 10-12 | 13-15 | 16-18 || total
-------------------------+-------+-------+-------+-------+-------+-------++-------
Melee: Mace              |    88 |    23 |       |       |       |       ||   111
       Flail             |       |    74 |   103 |       |       |       ||   177
       Morningstar       |       |       |   244 |   143 |       |       ||   387
       Whip              |       |       |     2 |       |       |       ||     2
       Unarmed           |       |       |       |    16 |       |       ||    16
       Great mace        |       |       |       |   125 |       |       ||   125
       Eveningstar       |       |       |       |   324 |       |       ||   324
       Giant spiked club |       |       |       |    24 |   902 |   175 ||  1101
Invok: Trog's Hand       |     1 |       |     3 |     7 |    22 |     9 ||    42
       Berserk           |       |     3 |     9 |     6 |     5 |     1 ||    24
       Brothers in Arms  |       |       |       |     2 |     2 |       ||     4
       Burn Spellbooks   |       |       |       |     1 |     3 |       ||     4
 Abil: Evoke Flight      |       |       |       |     4 |     5 |       ||     9
       Stop Flying       |       |       |       |     4 |     2 |       ||     6
Evoke: Wand              |       |     1 |     1 |    11 |     7 |     5 ||    25
  Use: Scroll            |       |     5 |     4 |     8 |    19 |     2 ||    38
       Potion            |       |       |     2 |     1 |     3 |     2 ||     8
 Stab: Invisible         |       |       |     5 |       |       |       ||     5
       Sleeping          |       |       |     1 |       |     2 |       ||     3
       Distracted        |       |       |       |       |     1 |       ||     1
